Map: Amygdala

Players

BattleB - Winner!

  • Race: Terran Terran
  • League: Grandmaster
  • Spawn Location: 7:00

Fjant

  • Race: Zerg Zerg
  • League: Master
  • Spawn Location: 1:00

Event: HomeStory Cup XXVI

VOD

Have the link to the VOD?

Description

Time

  • Played on: Nov. 29, 2024, 10:13 a.m.
  • Length: 11:30

All games in this series

Show
View Real Time Build Order
Export as new Build Order

BattleB Terran - Winner!

Build Orders: Reaper Expand 

Get SALT Encoding   

  12  0:00  SCV  
  13  0:12  SCV  
  14  0:17  Supply Depot  
  14  0:24  SCV  
  15  0:38  SCV  
  15  0:40  Barracks  
  15  0:42  Refinery  
  16  0:50  SCV  
  17  1:02  SCV  
  18  1:15  SCV  
  19  1:27  Orbital Command, Reaper  
  20  1:38  Command Center  
  20  1:45  Supply Depot  
  20  1:53  SCV  
  21  1:59  Marine  
  22  2:05  SCV  
  23  2:09  Factory  
  23  2:17  SCV  
  23  2:19  Barracks Reactor  
  24  2:29  SCV  
  25  2:39  Command Center  
  25  2:41  SCV  
  26  2:50  Orbital Command  
  26  2:53  SCV  
  26  2:55  Barracks  
  27  3:03  Hellion  
  31  3:05  Hellion  
  31  3:07  SCV  
  31  3:08  Barracks Tech Lab  
  32  3:16  SCV  
  32  3:19  SCV  
  34  3:22  Refinery  
  38  3:27  Hellion x2  
  38  3:29  Marine  
  38  3:31  SCV x2  
  38  3:34  Stimpack  
  41  3:47  SCV, Marine  
  41  3:48  SCV  
  44  3:51  Orbital Command  
  44  3:54  Marine x2  
  46  3:56  Starport  
  46  3:57  Factory Reactor  
  46  4:00  SCV  
  46  4:01  SCV  
  48  4:07  Supply Depot, Marine  
  49  4:12  Marine x2  
  49  4:13  SCV x2  
  53  4:17  SCV  
  54  4:25  SCV, Marine  
  54  4:29  SCV, Marine  
  54  4:30  Marine  
  55  4:39  SCV x2  
  55  4:41  Supply Depot, Refinery  
  55  4:43  Factory Tech Lab  
  55  4:44  SCV, Refinery  
  56  4:48  Medivac x2  
  56  4:50  Marine x3  
  56  4:51  SCV  
  59  4:53  Orbital Command  
  59  4:56  SCV  
  60  5:03  Supply Depot, SCV, Siege Tank  
  64  5:08  Marine x3  
  64  5:10  SCV  
  68  5:14  Combat Shield  
  68  5:15  SCV  
  68  5:19  Supply Depot  
  70  5:23  Orbital Command  
  70  5:25  Barracks  
  70  5:26  Marine x3  
  73  5:29  Supply Depot, Starport Reactor  
  73  5:33  SCV x2  
  74  5:37  Supply Depot  
  74  5:38  Supply Depot  
  74  5:39  Siege Tank  
  76  5:44  Marine x3  
  76  5:49  Orbital Command  
  78  5:50  SCV x2  
  73  6:01  Marine x2  
  73  6:02  SCV  
  73  6:03  Marine  
  73  6:07  SCV  
  73  6:11  Medivac x2  
  71  6:15  SCV x2  
  74  6:18  Siege Tank  
  74  6:19  SCV, Marine  
  74  6:22  Marine x2  
  74  6:23  Marine x2  
  83  6:27  SCV x2  
  85  6:33  SCV  
  85  6:37  Engineering Bay  
  85  6:39  SCV, Engineering Bay  
  87  6:43  Supply Depot  
  87  6:44  Supply Depot, SCV  
  87  6:45  SCV  
  87  6:46  Marine x2  
  91  6:48  Marine x2  
  91  6:49  Marine  
  91  6:53  Siege Tank  
  97  6:56  SCV x2  
  98  7:06  Barracks  
  98  7:08  SCV x2, Barracks  
  100  7:09  Supply Depot  
  100  7:13  Terran Infantry Weapons Level 1  
  100  7:14  SCV, Terran Infantry Armor Level 1  
  101  7:16  Marine x3  
  101  7:19  Marine x2  
  101  7:21  SCV x2  
  108  7:26  SCV  
  108  7:27  Medivac  
  111  7:33  SCV x2  
  113  7:38  Marine x4  
  113  7:39  Siege Tank  
  113  7:40  SCV  
  120  7:44  Supply Depot  
  120  7:47  Supply Depot, Marine  
  120  7:50  SCV x2  
  123  7:52  Supply Depot  
  123  7:56  Marine, Factory  
  125  7:58  SCV  
  125  8:00  Barracks Tech Lab x2, Marine  
  125  8:05  Marine x2  
  125  8:11  SCV x2, Marine  
  125  8:12  Siege Tank  
  131  8:13  Marine, Medivac  
  131  8:18  Marine  
  131  8:19  SCV  
  135  8:22  Marine  
  135  8:23  SCV x2, Marine  
  135  8:24  Concussive Shells, Marauder  
  140  8:30  Marine, Marauder  
  132  8:38  SCV x3, Armory  
  132  8:39  Refinery x2  
  132  8:40  Marauder  
  132  8:41  Marine x2, Factory Tech Lab  
  137  8:44  Marine  
  137  8:45  Marine  
  137  8:47  Supply Depot  
  141  8:48  Marine  
  141  8:50  Siege Tank, SCV  
  141  8:51  Marine  
  147  8:59  Marine  
  148  9:03  Sensor Tower  
  148  9:05  Marine x2  
  148  9:06  Supply Depot x2  
  148  9:07  Supply Depot  
  148  9:09  Siege Tank, Marine, Marauder  
  155  9:13  Marine  
  155  9:14  Supply Depot  
  156  9:17  Marine  
  157  9:27  Marine x3, Marauder  
  157  9:31  Marauder  
  164  9:32  Terran Vehicle Weapons Level 1  
  164  9:34  Marauder  
  166  9:39  Marine  
  166  9:40  Barracks  
  166  9:41  Barracks  
  166  9:42  Barracks  
  167  9:46  Siege Tank  
  167  9:48  Marine  
  167  9:49  Marine x2, Marauder  
  167  9:52  Marauder  
  175  9:58  Marine  
  175  9:59  Marauder  
  167  10:02  Medivac x2  
  167  10:05  Marine  
  156  10:07  Marine  
  156  10:10  Marauder  
  156  10:14  Marine, Marauder  
  154  10:17  Command Center  
  154  10:20  Marine, Marauder  
  155  10:24  Siege Tank  
  155  10:27  Siege Tank  
  159  10:28  Marine  
  159  10:32  Marauder  
  159  10:33  Marine x2  
  159  10:35  Marauder  
  167  10:37  SCV x2  
  167  10:40  Barracks Tech Lab x2  
  167  10:42  Marauder  
  168  10:43  Marine x2  
  168  10:46  Marine, Medivac x2  
  175  10:51  Marine  
  175  10:52  Marine  
  175  10:53  Marauder  
  175  10:56  Marauder  
  181  10:59  Marine, Marauder  
  181  11:01  Marine  
  188  11:04  Supply Depot  
  188  11:09  Marine  
  188  11:10  Marine  
Show
View Real Time Build Order
Export as new Build Order

Fjant Zerg 

Build Orders: Hatch First 

Get SALT Encoding   

  12  0:00  Drone  
  13  0:08  Drone  
  14  0:15  Drone, Extractor  
  15  0:22  Overlord  
  15  0:40  Drone  
  16  0:45  Hatchery  
  16  0:48  Drone  
  16  0:52  Drone  
  16  0:56  Drone  
  18  1:07  Extractor  
  18  1:11  Spawning Pool  
  16  1:15  Drone  
  16  1:18  Drone  
  18  1:26  Drone  
  19  1:37  Drone  
  20  1:48  Drone  
  21  1:57  Queen x2  
  21  1:58  Zergling x2  
  21  1:59  Zergling x2  
  27  2:08  Drone  
  27  2:09  Overlord  
  28  2:20  Hatchery  
  27  2:23  Drone  
  27  2:29  Drone  
  29  2:32  Drone x2  
  31  2:39  Metabolic Boost  
  31  2:42  Drone  
  31  2:44  Overlord  
  32  2:51  Queen  
  32  2:54  Drone  
  35  2:59  Drone  
  35  3:04  Queen  
  38  3:08  Drone x2  
  38  3:11  Overlord  
  40  3:17  Drone x2  
  42  3:21  Drone x2  
  44  3:27  Roach Warren  
  44  3:32  Queen  
  45  3:35  Drone  
  45  3:36  Drone  
  45  3:38  Drone  
  45  3:41  Drone  
  49  3:42  Drone  
  49  3:44  Drone  
  49  3:45  Drone  
  52  3:53  Queen  
  52  3:55  Drone x2  
  57  4:02  Drone  
  57  4:03  Drone  
  57  4:08  Overlord x2  
  58  4:16  Overlord  
  56  4:26  Roach x2  
  56  4:31  Roach x5  
  56  4:36  Roach  
  56  4:38  Drone x3  
  58  4:41  Drone  
  59  4:46  Drone x2  
  59  4:48  Drone  
  62  4:53  Drone x2  
  62  4:57  Drone  
  62  4:58  Drone  
  66  5:00  Drone  
  66  5:06  Spore Crawler  
  66  5:07  Drone  
  67  5:10  Drone, Spore Crawler  
  67  5:14  Spore Crawler, Drone  
  67  5:17  Drone  
  67  5:20  Drone x2  
  70  5:23  Overlord  
  70  5:25  Drone  
  70  5:26  Drone  
  72  5:28  Drone  
  72  5:30  Drone  
  72  5:31  Drone  
  72  5:35  Drone x3  
  78  5:45  Roach x3  
  83  5:50  Zergling x6  
  83  5:51  Zergling x4  
  81  5:58  Zergling x6  
  81  6:03  Overlord  
  70  6:11  Overlord  
  70  6:14  Roach Warren  
  70  6:17  Overlord x2  
  69  6:23  Overlord  
  68  6:26  Drone x2  
  68  6:28  Drone x3  
  73  6:33  Overlord x2  
  73  6:34  Overlord x2  
  73  6:38  Drone x3, Extractor  
  75  6:44  Drone  
  75  6:45  Lair  
  75  6:46  Drone x2  
  76  6:56  Roach  
  76  6:59  Drone x2  
  78  7:01  Extractor  
  78  7:02  Extractor  
  78  7:06  Roach  
  77  7:09  Roach x2  
  77  7:10  Zergling x2  
  77  7:11  Zergling x4  
  77  7:15  Hatchery, Roach  
  85  7:21  Roach  
  87  7:25  Drone x5  
  90  7:33  Evolution Chamber, Roach x3  
  90  7:34  Evolution Chamber  
  92  7:41  Drone x3  
  92  7:42  Extractor  
  92  7:43  Glial Reconstitution  
  94  7:46  Drone x3  
  94  7:47  Extractor  
  96  7:52  Roach x4  
  96  7:57  Roach x2  
  108  8:03  Roach x3  
  108  8:05  Roach  
  112  8:17  Roach  
  112  8:18  Roach  
  112  8:19  Roach x3  
  111  8:33  Roach x5  
  121  8:37  Overlord x2  
  121  8:40  Roach x2  
  125  8:44  Drone x3, Extractor  
  127  8:54  Hatchery  
  127  8:55  Overlord  
  126  8:57  Drone x3  
  126  9:02  Zerg Missile Weapons Level 1  
  129  9:05  Evolution Chamber  
  129  9:06  Zergling x16  
  135  9:14  Ravager x2  
  131  9:18  Ravager  
  131  9:19  Zergling x6  
  131  9:21  Overlord  
  131  9:23  Hatchery  
  134  9:24  Drone x2  
  134  9:25  Drone x2  
  134  9:29  Overlord  
  138  9:36  Overlord  
  138  9:37  Overlord  
  138  9:40  Overlord  
  138  9:45  Baneling Nest  
  137  9:46  Zergling x8  
  139  9:53  Roach x2  
  125  10:02  Roach x5  
  96  10:10  Roach x4  
  96  10:12  Roach  
  96  10:13  Roach x2  
  103  10:18  Roach x3  
  105  10:27  Ravager x3  
  108  10:28  Zergling x4  
  108  10:29  Ravager  
  109  10:36  Zergling x4  
  101  10:44  Zergling x6  
  101  10:48  Zergling x4  
  102  10:56  Roach  
  101  10:59  Ravager x4  
  101  11:00  Zergling x4  
Tags
 
Add a new tag
Caveats
  • Supply blocks, unpowered buildings, or Contaminate may cause inaccurate times.
  • Supply counts are checked every 10 seconds.